2081 views
Uploaded 2023-01-14 03:07:07
Game version 1.32.10
32:50 long 3on3 ladder game on (8)Battleground_LV
Saved by GIGA
2081 views
Uploaded 2023-01-14 03:07:07
Game version 1.32.10
32:50 long 3on3 ladder game on (8)Battleground_LV


85 units @ 8.4k
/ 1.4k
136 buildings @ 10.3k
/ 4.9k

| Healing Salve | 2 | 200 |
| Lesser Clarity Potion | 1 | 70 |
| Scroll of Speed | 1 | 50 |
| Orb of Lightning | 1 | 375 |
| Boots of Speed | 1 | 250 |
| Staff of Teleportation | 1 | 150 |
| total: | 7 | 1095g |
| Peon | 15 | 1125 | / | 0 |
| Troll Witch Doctor | 5 | 725 | / | 125 |
| total: | 20 | 1850g | / | 125w |
| Watch Tower | 12 | 1320 | / | 960 |
| Altar of Storms | 2 | 360 | / | 100 |
| Orc Burrow | 4 | 640 | / | 160 |
| Voodoo Lounge | 2 | 260 | / | 60 |
| War Mill | 2 | 410 | / | 0 |
| Great Hall | 2 | 770 | / | 370 |
| Spirit Lodge | 1 | 150 | / | 150 |
| Stronghold | 1 | 315 | / | 190 |
| Fortress | 1 | 325 | / | 190 |
| total: | 25 | 3910g | / | 1800w |
| 0:04 | Peon |
| 0:04 | Peon |
| 0:10 | Altar of Storms |
| 0:14 | Orc Burrow |
| 0:19 | Peon |
| 0:33 | Peon |
| 0:46 | Peon |
| 1:11 | Peon |
| 1:24 | Voodoo Lounge |
| 1:29 | Peon |
| 1:45 | War Mill |
| 1:48 | Peon |
| 1:53 | Peon |
| 1:53 | Peon |
| 2:00 | Orc Burrow |
| 2:24 | Peon |
| 2:29 | Healing Salve |
| 2:29 | Lesser Clarity Potion |
| 2:30 | Scroll of Speed |
| 2:36 | Peon |
| 2:39 | Peon |
| 2:46 | Wind Walk |
| 4:15 | Bash |
| 4:25 | Bash |
| 4:33 | Great Hall |
| 5:37 | Critical Strike |
| 7:02 | Watch Tower |
| 7:03 | Watch Tower |
| 7:14 | War Mill |
| 8:02 | Great Hall |
| 8:27 | Boots of Speed |
| 8:31 | Staff of Teleportation |
| 11:24 | Wind Walk |
| 11:27 | Holy Light |
| 12:55 | Watch Tower |
| 12:56 | Watch Tower |
| 12:56 | Watch Tower |
| 12:57 | Watch Tower |
| 13:03 | Voodoo Lounge |
| 13:23 | Orc Burrow |
| 13:57 | Altar of Storms |
| 14:14 | Stronghold |
| 16:10 | Watch Tower |
| 16:11 | Watch Tower |
| 18:27 | Fortress |
| 20:17 | Watch Tower |
| 20:47 | Divine Shield |
| 21:31 | Critical Strike |
| 22:14 | Spirit Lodge |
| 22:19 | Watch Tower |
| 22:39 | Orb of Lightning |
| 24:06 | Witch Doctor Adept Training |
| 24:25 | Watch Tower |
| 25:08 | Witch Doctor Master Training |
| 25:09 | Troll Witch Doctor |
| 25:09 | Troll Witch Doctor |
| 25:11 | Healing Salve |
| 26:06 | Peon |
| 26:06 | Peon |
| 26:51 | Troll Witch Doctor |
| 27:13 | Watch Tower |
| 29:00 | Critical Strike |
| 29:54 | Troll Witch Doctor |
| 29:54 | Troll Witch Doctor |
| 30:00 | Orc Burrow |
| 30:23 | Bash |
| 30:32 | Holy Light |
| 31:47 | Bladestorm |
| Right click | 2289 |
| Select | 268 |
| Build/train/purchase | 91 |
| Select group | 56 |
| Resource trade | 37 |
| Use ability | 19 |
| Misc. action | 7 |
| Minimap ping | 5 |
| Assign group | 3 |
| Esc | 3 |
| Item give/drop | 2 |



| Healing Salve | 2 | 200 |
| total: | 2 | 200g |
| Peasant | 13 | 975 | / | 0 |
| Mortar Team | 8 | 1440 | / | 560 |
| Flying Machine | 22 | 2200 | / | 660 |
| total: | 43 | 4615g | / | 1220w |
| Scout Tower | 35 | 1050 | / | 700 |
| Guard Tower | 5 | 350 | / | 250 |
| Arcane Tower | 1 | 70 | / | 50 |
| Altar of Kings | 1 | 180 | / | 50 |
| Farm | 15 | 1200 | / | 300 |
| Lumber Mill | 1 | 120 | / | 0 |
| Blacksmith | 1 | 140 | / | 60 |
| Workshop | 3 | 420 | / | 420 |
| Gryphon Aviary | 1 | 140 | / | 150 |
| Keep | 1 | 320 | / | 210 |
| Castle | 2 | 720 | / | 420 |
| total: | 57 | 3250g | / | 1680w |
| 0:04 | Peasant |
| 0:04 | Peasant |
| 0:19 | Altar of Kings |
| 0:20 | Peasant |
| 0:20 | Peasant |
| 0:35 | Farm |
| 0:37 | Peasant |
| 0:50 | Lumber Mill |
| 0:52 | Peasant |
| 0:57 | Peasant |
| 1:11 | Peasant |
| 1:13 | Farm |
| 1:25 | Peasant |
| 1:35 | Peasant |
| 1:44 | Farm |
| 1:45 | Peasant |
| 1:52 | Improved Lumber Harvesting |
| 2:06 | Peasant |
| 2:22 | Storm Bolt |
| 2:55 | Peasant |
| 2:56 | Keep |
| 3:26 | Scout Tower |
| 3:26 | Scout Tower |
| 3:27 | Scout Tower |
| 3:28 | Scout Tower |
| 3:28 | Scout Tower |
| 3:29 | Scout Tower |
| 3:30 | Scout Tower |
| 3:39 | Scout Tower |
| 4:03 | Guard Tower |
| 4:04 | Scout Tower |
| 4:05 | Scout Tower |
| 4:05 | Scout Tower |
| 4:06 | Scout Tower |
| 4:09 | Scout Tower |
| 4:10 | Scout Tower |
| 4:11 | Scout Tower |
| 4:26 | Blacksmith |
| 4:38 | Guard Tower |
| 4:40 | Guard Tower |
| 4:42 | Scout Tower |
| 4:42 | Scout Tower |
| 4:43 | Scout Tower |
| 4:43 | Scout Tower |
| 4:47 | Scout Tower |
| 4:47 | Scout Tower |
| 4:48 | Scout Tower |
| 5:50 | Guard Tower |
| 5:55 | Advanced Lumber Harvesting |
| 5:55 | Improved Masonry |
| 6:06 | Castle |
| 6:07 | Castle |
| 6:16 | Workshop |
| 6:49 | Black Gunpowder |
| 6:49 | Iron Plating |
| 7:22 | Workshop |
| 7:24 | Flak Cannons |
| 7:59 | Workshop |
| 8:19 | Flare |
| 8:35 | Holy Light |
| 8:57 | Flying Machine Bombs |
| 8:58 | Fragmentation Shards |
| 9:47 | Mortar Team |
| 9:52 | Farm |
| 9:52 | Farm |
| 10:06 | Refined Gunpowder |
| 10:10 | Mortar Team |
| 10:12 | Mortar Team |
| 11:44 | Imbued Gunpowder |
| 11:46 | Flying Machine |
| 11:46 | Flying Machine |
| 11:46 | Flying Machine |
| 11:47 | Flying Machine |
| 11:55 | Advanced Masonry |
| 11:56 | Steel Plating |
| 11:58 | Flying Machine |
| 13:04 | Flying Machine |
| 13:04 | Flying Machine |
| 13:05 | Flying Machine |
| 13:05 | Flying Machine |
| 13:07 | Farm |
| 13:07 | Farm |
| 13:08 | Farm |
| 13:09 | Farm |
| 13:13 | Farm |
| 14:17 | Flying Machine |
| 14:18 | Flying Machine |
| 14:18 | Flying Machine |
| 14:21 | Flying Machine |
| 14:22 | Flying Machine |
| 14:22 | Flying Machine |
| 14:22 | Flying Machine |
| 14:36 | Mithril Plating |
| 15:00 | Farm |
| 15:01 | Farm |
| 15:01 | Farm |
| 15:03 | Farm |
| 15:05 | Farm |
| 15:20 | Gryphon Aviary |
| 15:43 | Scout Tower |
| 15:44 | Scout Tower |
| 15:44 | Scout Tower |
| 15:45 | Scout Tower |
| 15:45 | Scout Tower |
| 15:46 | Scout Tower |
| 16:49 | Arcane Tower |
| 16:53 | Scout Tower |
| 16:54 | Scout Tower |
| 16:55 | Scout Tower |
| 16:55 | Scout Tower |
| 16:56 | Scout Tower |
| 16:57 | Scout Tower |
| 16:58 | Scout Tower |
| 17:10 | Mortar Team |
| 17:49 | Divine Shield |
| 17:54 | Guard Tower |
| 19:08 | Mortar Team |
| 20:38 | Flying Machine |
| 20:38 | Flying Machine |
| 20:39 | Flying Machine |
| 20:39 | Flying Machine |
| 20:39 | Flying Machine |
| 20:39 | Flying Machine |
| 22:17 | Healing Salve |
| 22:26 | Healing Salve |
| 22:44 | Storm Bolt |
| 22:45 | Storm Bolt |
| 23:00 | Imbued Masonry |
| 24:22 | Mortar Team |
| 24:23 | Mortar Team |
| 24:23 | Mortar Team |
| 28:05 | Brilliance Aura |
| Right click | 1862 |
| Select group | 989 |
| Select | 309 |
| Misc. action | 106 |
| Use ability | 100 |
| Build/train/purchase | 91 |
| Assign group | 21 |
| Resource trade | 16 |
| Esc | 10 |
| Remove unit | 1 |
Cabeelibob
(194)
(32:38) : 
| Peasant | 20 | 1500 | / | 0 |
| Dragonhawk Rider | 2 | 400 | / | 60 |
| total: | 22 | 1900g | / | 60w |
| Scout Tower | 40 | 1200 | / | 800 |
| Arcane Tower | 6 | 420 | / | 300 |
| Guard Tower | 18 | 1260 | / | 900 |
| Altar of Kings | 3 | 540 | / | 150 |
| Farm | 6 | 480 | / | 120 |
| Lumber Mill | 2 | 240 | / | 0 |
| Town Hall | 1 | 385 | / | 205 |
| Arcane Vault | 1 | 130 | / | 30 |
| Gryphon Aviary | 1 | 140 | / | 150 |
| Keep | 1 | 320 | / | 210 |
| Castle | 1 | 360 | / | 210 |
| total: | 54 | 3115g | / | 1455w |
| 0:05 | Altar of Kings |
| 0:06 | Altar of Kings |
| 0:10 | Farm |
| 0:11 | Peasant |
| 0:30 | Peasant |
| 0:53 | Lumber Mill |
| 0:54 | Peasant |
| 0:55 | Peasant |
| 1:17 | Peasant |
| 1:40 | Farm |
| 1:42 | Peasant |
| 1:48 | Peasant |
| 1:59 | Peasant |
| 2:01 | Improved Masonry |
| 2:08 | Storm Bolt |
| 2:34 | Peasant |
| 2:34 | Peasant |
| 3:19 | Town Hall |
| 3:25 | Peasant |
| 3:25 | Peasant |
| 3:32 | Scout Tower |
| 3:36 | Improved Lumber Harvesting |
| 3:43 | Scout Tower |
| 3:44 | Scout Tower |
| 3:58 | Farm |
| 4:13 | Scout Tower |
| 4:14 | Scout Tower |
| 4:22 | Scout Tower |
| 4:26 | Arcane Tower |
| 4:34 | Scout Tower |
| 4:41 | Scout Tower |
| 4:43 | Arcane Tower |
| 4:46 | Scout Tower |
| 4:48 | Guard Tower |
| 4:49 | Guard Tower |
| 4:52 | Scout Tower |
| 5:06 | Peasant |
| 5:06 | Peasant |
| 5:18 | Arcane Tower |
| 5:21 | Scout Tower |
| 5:23 | Guard Tower |
| 5:28 | Scout Tower |
| 5:29 | Guard Tower |
| 5:32 | Scout Tower |
| 5:44 | Keep |
| 5:50 | Guard Tower |
| 5:52 | Scout Tower |
| 5:56 | Scout Tower |
| 5:56 | Scout Tower |
| 5:59 | Guard Tower |
| 6:07 | Guard Tower |
| 6:22 | Scout Tower |
| 6:25 | Guard Tower |
| 6:29 | Scout Tower |
| 6:31 | Scout Tower |
| 6:33 | Guard Tower |
| 6:34 | Guard Tower |
| 6:41 | Peasant |
| 6:41 | Peasant |
| 6:41 | Peasant |
| 6:49 | Scout Tower |
| 6:59 | Scout Tower |
| 7:01 | Guard Tower |
| 7:05 | Scout Tower |
| 7:07 | Scout Tower |
| 7:08 | Scout Tower |
| 7:12 | Guard Tower |
| 7:19 | Scout Tower |
| 7:29 | Guard Tower |
| 7:35 | Arcane Tower |
| 7:37 | Scout Tower |
| 7:39 | Scout Tower |
| 7:42 | Arcane Tower |
| 7:44 | Scout Tower |
| 7:44 | Scout Tower |
| 7:51 | Scout Tower |
| 7:51 | Scout Tower |
| 7:52 | Guard Tower |
| 8:05 | Guard Tower |
| 8:14 | Peasant |
| 8:14 | Peasant |
| 8:14 | Peasant |
| 8:48 | Advanced Masonry |
| 9:42 | Lumber Mill |
| 9:53 | Guard Tower |
| 9:59 | Arcane Tower |
| 10:35 | Altar of Kings |
| 13:14 | Castle |
| 13:17 | Farm |
| 13:19 | Farm |
| 13:21 | Farm |
| 15:35 | Imbued Masonry |
| 18:43 | Gryphon Aviary |
| 18:47 | Arcane Vault |
| 19:37 | Scout Tower |
| 19:38 | Scout Tower |
| 19:38 | Scout Tower |
| 19:39 | Scout Tower |
| 20:46 | Guard Tower |
| 21:29 | Guard Tower |
| 23:07 | Scout Tower |
| 24:50 | Cloud |
| 26:45 | Bash |
| 29:40 | Dragonhawk Rider |
| 29:40 | Dragonhawk Rider |
| 30:18 | Scout Tower |
| 30:19 | Scout Tower |
| 30:20 | Scout Tower |
| 30:21 | Scout Tower |
| Right click | 1101 |
| Select group | 639 |
| Select | 240 |
| Chat | 72 |
| Resource trade | 68 |
| Build/train/purchase | 59 |
| Misc. action | 19 |
| Use ability | 17 |
| Assign group | 15 |
129 units @ 18.4k
/ 3.2k
94 buildings @ 13.9k
/ 5.5k


| Scroll of Regeneration | 2 | 200 |
| Scroll of Town Portal | 2 | 700 |
| total: | 4 | 900g |
| Peasant | 13 | 975 | / | 0 |
| Rifleman | 16 | 3280 | / | 480 |
| Mortar Team | 15 | 2700 | / | 1050 |
| Priest | 5 | 675 | / | 50 |
| total: | 49 | 7630g | / | 1580w |
| Scout Tower | 14 | 420 | / | 280 |
| Arcane Tower | 5 | 350 | / | 250 |
| Guard Tower | 3 | 210 | / | 150 |
| Altar of Kings | 2 | 360 | / | 100 |
| Farm | 11 | 880 | / | 220 |
| Barracks | 2 | 320 | / | 120 |
| Blacksmith | 1 | 140 | / | 60 |
| Arcane Vault | 1 | 130 | / | 30 |
| Lumber Mill | 2 | 240 | / | 0 |
| Town Hall | 2 | 770 | / | 410 |
| Workshop | 2 | 280 | / | 280 |
| Arcane Sanctum | 1 | 150 | / | 140 |
| Keep | 2 | 640 | / | 420 |
| total: | 38 | 3690g | / | 1640w |
| 0:02 | Peasant |
| 0:02 | Peasant |
| 0:02 | Peasant |
| 0:02 | Peasant |
| 0:02 | Peasant |
| 0:15 | Altar of Kings |
| 0:20 | Farm |
| 0:37 | Barracks |
| 0:39 | Barracks |
| 0:48 | Farm |
| 0:56 | Peasant |
| 1:07 | Peasant |
| 1:13 | Peasant |
| 1:42 | Blacksmith |
| 2:00 | Farm |
| 2:04 | Scout Tower |
| 2:05 | Scout Tower |
| 2:06 | Scout Tower |
| 2:14 | Summon Water Elemental |
| 2:31 | Rifleman |
| 2:31 | Rifleman |
| 2:47 | Rifleman |
| 2:52 | Farm |
| 3:00 | Arcane Tower |
| 3:15 | Arcane Vault |
| 3:25 | Lumber Mill |
| 3:28 | Lumber Mill |
| 4:20 | Rifleman |
| 4:20 | Rifleman |
| 4:24 | Scout Tower |
| 4:28 | Brilliance Aura |
| 4:43 | Rifleman |
| 4:44 | Rifleman |
| 4:52 | Farm |
| 5:06 | Guard Tower |
| 5:21 | Improved Lumber Harvesting |
| 5:41 | Black Gunpowder |
| 5:41 | Studded Leather Armor |
| 5:51 | Blizzard |
| 6:11 | Town Hall |
| 6:32 | Rifleman |
| 6:58 | Scout Tower |
| 6:59 | Scout Tower |
| 6:59 | Scout Tower |
| 7:00 | Scout Tower |
| 7:01 | Scout Tower |
| 7:45 | Peasant |
| 7:45 | Peasant |
| 7:46 | Peasant |
| 8:17 | Keep |
| 8:19 | Rifleman |
| 8:19 | Rifleman |
| 9:46 | Scout Tower |
| 9:57 | Summon Water Elemental |
| 10:06 | Scroll of Regeneration |
| 10:06 | Scroll of Regeneration |
| 10:13 | Arcane Tower |
| 10:17 | Arcane Tower |
| 10:19 | Guard Tower |
| 10:40 | Long Rifles |
| 10:46 | Peasant |
| 10:46 | Peasant |
| 10:51 | Workshop |
| 11:15 | Scroll of Town Portal |
| 11:18 | Scroll of Town Portal |
| 11:36 | Flame Strike |
| 12:06 | Workshop |
| 12:07 | Mortar Team |
| 12:07 | Mortar Team |
| 12:36 | Mortar Team |
| 12:37 | Mortar Team |
| 13:18 | Mortar Team |
| 13:18 | Mortar Team |
| 13:19 | Mortar Team |
| 13:20 | Farm |
| 13:59 | Arcane Sanctum |
| 14:00 | Mortar Team |
| 14:02 | Mortar Team |
| 14:02 | Mortar Team |
| 14:56 | Siphon Mana |
| 16:12 | Farm |
| 16:54 | Farm |
| 17:11 | Scout Tower |
| 17:51 | Arcane Tower |
| 17:53 | Farm |
| 17:55 | Priest |
| 17:55 | Priest |
| 17:55 | Priest |
| 17:55 | Rifleman |
| 17:55 | Rifleman |
| 17:56 | Rifleman |
| 17:56 | Rifleman |
| 17:57 | Mortar Team |
| 17:57 | Mortar Team |
| 17:59 | Farm |
| 18:45 | Scout Tower |
| 19:38 | Flame Strike |
| 21:14 | Rifleman |
| 21:14 | Rifleman |
| 21:16 | Priest |
| 21:16 | Priest |
| 21:17 | Mortar Team |
| 21:17 | Mortar Team |
| 21:17 | Mortar Team |
| 22:42 | Town Hall |
| 22:45 | Keep |
| 23:58 | Scout Tower |
| 23:59 | Farm |
| 25:05 | Altar of Kings |
| 25:07 | Guard Tower |
| 25:10 | Scout Tower |
| 25:51 | Arcane Tower |
| Right click | 1903 |
| Select group | 1811 |
| Select | 497 |
| Chat | 144 |
| Build/train/purchase | 92 |
| Use ability | 40 |
| Assign group | 35 |
| Misc. action | 24 |
| Minimap ping | 3 |
| Remove unit | 2 |
| Item give/drop | 1 |


| Lesser Clarity Potion | 7 | 490 |
| Healing Salve | 3 | 300 |
| Scroll of Speed | 1 | 50 |
| Scroll of Town Portal | 1 | 350 |
| total: | 12 | 1190g |
| Peon | 26 | 1950 | / | 0 |
| Troll Headhunter | 9 | 1260 | / | 180 |
| Demolisher | 8 | 1760 | / | 400 |
| Wind Rider | 2 | 530 | / | 80 |
| Troll Batrider | 14 | 2240 | / | 560 |
| total: | 59 | 7740g | / | 1220w |
| Watch Tower | 4 | 440 | / | 320 |
| War Mill | 1 | 205 | / | 0 |
| Barracks | 3 | 540 | / | 150 |
| Orc Burrow | 8 | 1280 | / | 320 |
| Altar of Storms | 4 | 720 | / | 200 |
| Voodoo Lounge | 4 | 520 | / | 120 |
| Great Hall | 5 | 1925 | / | 925 |
| Beastiary | 5 | 725 | / | 700 |
| Stronghold | 2 | 630 | / | 380 |
| Fortress | 1 | 325 | / | 190 |
| total: | 34 | 6355g | / | 2735w |
| 0:03 | Peon |
| 0:03 | Peon |
| 0:03 | Peon |
| 0:03 | Peon |
| 0:08 | War Mill |
| 0:29 | Barracks |
| 0:37 | Orc Burrow |
| 0:46 | Peon |
| 1:00 | Peon |
| 1:01 | Peon |
| 1:22 | Altar of Storms |
| 1:33 | Troll Headhunter |
| 1:50 | Orc Burrow |
| 2:03 | Troll Headhunter |
| 2:14 | Peon |
| 2:29 | Black Arrow |
| 2:44 | Troll Headhunter |
| 2:49 | Troll Headhunter |
| 2:52 | Peon |
| 3:00 | Troll Headhunter |
| 3:09 | Steel Ranged Weapons |
| 3:31 | Troll Headhunter |
| 3:40 | Voodoo Lounge |
| 4:07 | Peon |
| 4:13 | Silence |
| 4:23 | Great Hall |
| 4:36 | Orc Burrow |
| 5:01 | Stronghold |
| 6:00 | Troll Headhunter |
| 6:16 | Troll Headhunter |
| 6:36 | Troll Headhunter |
| 6:47 | Lesser Clarity Potion |
| 6:50 | Healing Salve |
| 6:50 | Lesser Clarity Potion |
| 6:58 | Peon |
| 6:58 | Peon |
| 6:58 | Peon |
| 6:59 | Peon |
| 7:27 | Reinforced Defenses |
| 7:28 | Peon |
| 7:28 | Peon |
| 7:28 | Peon |
| 7:54 | Black Arrow |
| 8:05 | Demolisher |
| 8:06 | Peon |
| 8:07 | Peon |
| 8:07 | Peon |
| 8:12 | Orc Burrow |
| 8:25 | Beastiary |
| 8:29 | Beastiary |
| 8:36 | Spiked Barricades |
| 8:38 | Peon |
| 8:41 | Orc Burrow |
| 8:55 | Demolisher |
| 9:15 | Watch Tower |
| 9:16 | Watch Tower |
| 9:18 | Watch Tower |
| 9:33 | Wind Rider |
| 9:41 | Wind Rider |
| 9:56 | Demolisher |
| 10:30 | Voodoo Lounge |
| 10:34 | Voodoo Lounge |
| 10:51 | Demolisher |
| 11:33 | Demolisher |
| 11:36 | Barracks |
| 11:53 | Peon |
| 11:53 | Peon |
| 11:53 | Peon |
| 12:07 | Demolisher |
| 12:22 | Watch Tower |
| 12:31 | Peon |
| 12:31 | Peon |
| 13:03 | Barracks |
| 13:08 | Lesser Clarity Potion |
| 13:22 | Fortress |
| 13:42 | Demolisher |
| 14:14 | Demolisher |
| 14:17 | Lesser Clarity Potion |
| 14:22 | Thorium Ranged Weapons |
| 14:55 | Healing Salve |
| 14:58 | Scroll of Town Portal |
| 15:23 | Troll Batrider |
| 15:23 | Troll Batrider |
| 15:23 | Troll Batrider |
| 15:24 | Troll Batrider |
| 15:44 | Burning Oil |
| 15:50 | Troll Batrider |
| 15:50 | Liquid Fire |
| 15:54 | Orc Burrow |
| 17:08 | Troll Batrider |
| 18:07 | Healing Wave |
| 18:10 | Lesser Clarity Potion |
| 18:24 | Altar of Storms |
| 18:28 | Orc Burrow |
| 20:11 | Great Hall |
| 20:39 | Orc Burrow |
| 21:25 | Stronghold |
| 22:19 | Great Hall |
| 22:21 | Lesser Clarity Potion |
| 22:22 | Healing Salve |
| 22:23 | Lesser Clarity Potion |
| 22:28 | Great Hall |
| 22:44 | Scroll of Speed |
| 23:54 | Beastiary |
| 24:03 | Beastiary |
| 24:44 | Altar of Storms |
| 25:45 | Beastiary |
| 25:48 | Troll Batrider |
| 25:51 | Troll Batrider |
| 25:59 | Great Hall |
| 26:17 | Altar of Storms |
| 26:28 | Troll Batrider |
| 26:52 | Troll Batrider |
| 26:53 | Troll Batrider |
| 27:23 | Troll Batrider |
| 27:43 | Troll Batrider |
| 27:43 | Troll Batrider |
| 28:09 | Voodoo Lounge |
| 28:10 | Hex |
| 28:12 | Silence |
| Right click | 796 |
| Select | 678 |
| Misc. action | 242 |
| Build/train/purchase | 108 |
| Chat | 62 |
| Select group | 40 |
| Use ability | 38 |
| Minimap ping | 30 |
| Assign group | 9 |
| Item give/drop | 2 |
| Remove unit | 1 |



| Rod of Necromancy | 1 | 150 |
| Potion of Healing | 1 | 150 |
| Potion of Mana | 2 | 400 |
| Scroll of Town Portal | 2 | 700 |
| total: | 6 | 1400g |
| Acolyte | 8 | 600 | / | 0 |
| Ghoul | 4 | 480 | / | 0 |
| Crypt Fiend | 9 | 1935 | / | 360 |
| total: | 21 | 3015g | / | 360w |
| Nerubian Tower | 1 | 100 | / | 20 |
| Spirit Tower | 9 | 1305 | / | 360 |
| Ziggurat | 11 | 1650 | / | 550 |
| Crypt | 1 | 200 | / | 50 |
| Altar of Darkness | 1 | 180 | / | 50 |
| Tomb of Relics | 1 | 130 | / | 30 |
| Graveyard | 2 | 430 | / | 0 |
| Necropolis | 4 | 900 | / | 0 |
| Boneyard | 2 | 350 | / | 400 |
| Halls of the Dead | 5 | 1600 | / | 1050 |
| Black Citadel | 1 | 325 | / | 230 |
| total: | 22 | 3840g | / | 1080w |
| 0:05 | Acolyte |
| 0:05 | Acolyte |
| 0:11 | Ziggurat |
| 0:25 | Crypt |
| 0:34 | Altar of Darkness |
| 1:05 | Tomb of Relics |
| 1:11 | Ziggurat |
| 1:30 | Ghoul |
| 1:40 | Graveyard |
| 1:52 | Ghoul |
| 2:04 | Nerubian Tower |
| 2:15 | Ghoul |
| 2:32 | Rod of Necromancy |
| 2:38 | Carrion Beetles |
| 2:48 | Ghoul |
| 3:08 | Crypt Fiend |
| 3:30 | Ziggurat |
| 4:06 | Crypt Fiend |
| 4:17 | Crypt Fiend |
| 4:31 | Spiked Carapace |
| 4:56 | Crypt Fiend |
| 4:57 | Halls of the Dead |
| 5:57 | Crypt Fiend |
| 5:58 | Creature Attack |
| 5:59 | Creature Carapace |
| 6:02 | Ziggurat |
| 6:14 | Carrion Beetles |
| 7:27 | Crypt Fiend |
| 7:31 | Improved Creature Attack |
| 8:17 | Crypt Fiend |
| 8:17 | Web |
| 8:19 | Improved Creature Carapace |
| 8:22 | Ziggurat |
| 9:31 | Black Citadel |
| 9:36 | Ziggurat |
| 9:42 | Ziggurat |
| 9:47 | Unholy Armor |
| 9:53 | Death Coil |
| 11:30 | Spiked Carapace |
| 12:04 | Unholy Aura |
| 12:24 | Boneyard |
| 12:25 | Boneyard |
| 12:28 | Acolyte |
| 13:09 | Necropolis |
| 13:17 | Frost Nova |
| 13:57 | Death Coil |
| 13:59 | Freezing Breath |
| 14:11 | Graveyard |
| 14:28 | Necropolis |
| 15:18 | Dark Ritual |
| 15:57 | Necropolis |
| 16:32 | Halls of the Dead |
| 16:58 | Carrion Beetles |
| 17:58 | Halls of the Dead |
| 18:03 | Halls of the Dead |
| 18:23 | Advanced Creature Attack |
| 18:56 | Spirit Tower |
| 18:57 | Spirit Tower |
| 19:59 | Scroll of Town Portal |
| 20:18 | Spirit Tower |
| 20:20 | Spirit Tower |
| 20:21 | Spirit Tower |
| 20:22 | Spirit Tower |
| 21:06 | Acolyte |
| 21:42 | Unholy Aura |
| 23:45 | Acolyte |
| 23:45 | Acolyte |
| 23:46 | Acolyte |
| 23:46 | Acolyte |
| 24:30 | Crypt Fiend |
| 24:31 | Crypt Fiend |
| 25:54 | Ziggurat |
| 25:55 | Ziggurat |
| 26:14 | Scroll of Town Portal |
| 26:56 | Spirit Tower |
| 26:57 | Spirit Tower |
| 27:59 | Potion of Healing |
| 28:05 | Potion of Mana |
| 28:05 | Potion of Mana |
| 28:27 | Necropolis |
| 28:30 | Ziggurat |
| 28:31 | Ziggurat |
| 29:41 | Frost Nova |
| 30:08 | Spirit Tower |
| 30:35 | Halls of the Dead |
| Right click | 697 |
| Select | 339 |
| Select group | 77 |
| Build/train/purchase | 74 |
| Use ability | 28 |
| Assign group | 14 |
| Resource trade | 5 |
| Item give/drop | 1 |
| Minimap ping | 1 |
โ